 Dungeon Crawl Stone Soup version 0.28-a0-793-g31680bbd8b (webtiles) character file.

Game seed: 3137203320279347520

6527 ytrimaz the Thaumaturge (level 10, -1/72 HPs)
             Began as a Demonspawn Necromancer on Nov 4, 2021.
             Was a Priest of Kikubaaqudgha.
             Slain by a yak (13 damage)
             ... on level 9 of the Dungeon.
             The game lasted 00:18:45 (12775 turns).

ytrimaz the Thaumaturge (Demonspawn Necromancer)   Turns: 12775, Time: 00:18:46

Health: -1/72      AC:  9    Str:  8    XL:     10   Next: 69%
Magic:  4/24       EV: 14    Int: 20    God:    Kikubaaqudgha [***...]
Gold:   529        SH:  5    Dex: 14    Spells: 18/30 levels left

rFire   . . .      SeeInvis .   b - +3 dagger (venom)
rCold   + . .      Faith    .   (no shield)
rNeg    . . .      Spirit   .   u - +2 ring mail {rC+}
rPois   .          Reflect  +   l - +1 helmet
rElec   .          Harm     .   (no cloak)
rCorr   +          Rampage  .   (no gloves)
Will    .....                   (no boots)
Stlth   ++........              r - amulet of reflection
HPRegen 0.22/turn               d - ring of flight
MPRegen 0.19/turn               h - ring of resist corrosion

@: flying
A: demonic guardian 1, ignite blood 1, sturdy frame 3, demonic touch 2
a: Renounce Religion, Receive Corpses


You were on level 9 of the Dungeon.
You worshipped Kikubaaqudgha.
Kikubaaqudgha was most pleased with you.
You visited 2 branches of the dungeon, and saw 10 of its levels.

You collected 529 gold pieces.

Inventory:

Hand Weapons
 b - a +3 dagger of venom (weapon)
Armour
 l - a +1 helmet (worn)
 o - a +0 buckler
 t - a +0 plate armour
 u - a +2 ring mail of cold resistance (worn)
Jewellery
 d - a ring of flight (left hand)
 h - a ring of resist corrosion (right hand)
 r - an amulet of reflection (around neck)
 y - an amulet of the acrobat
Wands
 x - a wand of iceblast (8)
Scrolls
 e - 3 scrolls of summoning
 f - 3 scrolls of amnesia
 i - 2 scrolls of fog
 j - 3 scrolls of holy word
 k - a scroll of fear {unknown}
 q - a scroll of torment
 v - a scroll of teleportation
Potions
 a - 2 potions of magic
 c - a potion of haste
 g - 2 potions of lignification
 m - 2 potions of heal wounds
 n - a potion of degeneration {unknown}
 p - a potion of might {unknown}
 s - a potion of curing
 w - a potion of ambrosia {unknown}


   Skills:
 * Level 4.2 Fighting
 * Level 6.0 Dodging
 - Level 1.7 Stealth
 - Level 1.0 Shields
 - Level 0.7 Unarmed Combat
 * Level 10.8 Spellcasting
 - Level 3.2 Conjurations
 * Level 9.0 Necromancy
 * Level 2.2 Earth Magic


You had 18 spell levels left.
You knew the following spells:

 Your Spells              Type           Power      Damage    Failure   Level
a - Pain                  Necr           100%       1d9       1%          1
b - Vampiric Draining     Necr           46%        2d9       1%          3
c - Stone Arrow           Conj/Erth      42%        3d9       6%          3
d - Borgnjor's Vile Clut  Necr/Erth      16%        N/A       17%         5

Your spell library contained the following spells:

 Spells                   Type           Power      Damage    Failure   Level
 Animate Skeleton         Necr           92%        N/A       1%          1
 Magic Dart               Conj           92%        1d7       1%          1
 Corpse Rot               Necr/Air       56%        N/A       1%          2
 Sublimation of Blood     Necr           46%        N/A       1%          2
 Animate Dead             Necr           23%        N/A       1%          4
 Dispel Undead            Necr           46%        3d18      1%          4
 Sandblast                Erth           38%        2d10      2%          1
 Agony                    Necr           46%        N/A       4%          5
 Passwall                 Tmut/Erth      12%        N/A       6%          2
 Call Imp                 Summ           10%        N/A       10%         2
 Mephitic Cloud           Conj/Pois/Air  15%        N/A       12%         3
 Call Canine Familiar     Summ           10%        N/A       19%         3
 Portal Projectile        Hex/Tloc       20%        N/A       19%         3
 Death Channel            Necr           23%        N/A       24%         6
 Leda's Liquefaction      Hex/Erth       7%         N/A       36%         4
 Simulacrum               Ice/Necr       14%        N/A       83%         6
 Conjure Ball Lightning   Conj/Air       8%         3x3d6     99%         6
 Discord                  Hex            5%         N/A       100%        8
 Disjunction              Tloc           5%         N/A       100%        8


Dungeon Overview and Level Annotations

Branches:
Dungeon (9/15)             Temple (1/1) D:4
   Lair: D:8-11         Orc: D:9-12

Altars:
Ashenzari
Dithmenos
Elyvilon
Fedhas
Gozag
Hepliaklqana
Kikubaaqudgha
Makhleb
Nemelex Xobeh
Qazlal
Ru
Trog
Uskayaw
Vehumet
Yredelemnul
Zin
The Shining One


Innate Abilities, Weirdness & Mutations

A weak demonic guardian rushes to your aid.
Your demonic aura sometimes causes spilled blood to erupt in flames.
Your movements are significantly less encumbered by armour. (ER -6)
Your touch may inflict irresistible damage on your foes.


Message History

The yak closely misses you.
You hit the yak.
The yak looks even sicker.
The yak is almost dead.
The yak gores you.
You hit the yak.
The yak looks as sick as possible!
The yak is almost dead.
You kill the yak!
Kikubaaqudgha accepts your kill.
Your Necromancy skill increases to level 9!
You closely miss the yak. Your touch misses the yak. The yak gores you!
You hit the yak.
The yak is poisoned.
You touch the yak!
The yak is moderately wounded.
The yak misses you.
You barely miss the yak.
The yak is moderately wounded.
The yak gores you but does no damage.
You barely miss the yak.
The yak is moderately wounded.
The yak gores you!
You hit the yak.
You touch the yak.
The yak is severely wounded.
The yak gores you!
You hit the yak but do no damage.
The yak is severely wounded.
You block the yak's attack.
You hit the yak but do no damage.
The yak looks even sicker.
Your touch misses the yak.
The yak is severely wounded.
The yak gores you but does no damage.
You hit the yak.
The yak looks as sick as possible!
The yak is severely wounded.
The yak snorts and paws the ground.
The yak gores you!
* * * LOW HITPOINT WARNING * * *
A demonic guardian appears!
You hit the yak but do no damage.
The yak looks as sick as possible!
The yak is severely wounded.
The yak gores you!
You die...
Kikubaaqudgha rasps: "You have failed me!
Welcome... death!"

#........
.<.....#
....... .# #.
.....## ..##.
..... .... ...
... #†# ..
##Y# #. #.@#
#.######
###.##
#....)<# #.5.#
######)###.###
..####..##..#
.............#
.#..##...#...#
##........#.#
##...........


You could see a yak (extremely poisoned, ally target) and a friendly iron imp
(summoned).

Vanquished Creatures
  A two-headed ogre (D:8)
  Pikel (D:5)
  An ugly thing (D:7)
  A slime creature (D:8)
  2 yaks (D:9)
  2 steam dragons
  3 water moccasins
  3 black bears
  3 orc warriors
  A sky beast (D:8)
  4 ogres
  3 necrophages
  A boggart (D:7)
  A centaur (D:7)
  A lemure (D:5)
  3 kobold brigands
  5 bullfrogs
  A water moccasin zombie (D:5)
  2 scorpions
  A bullfrog zombie (D:6)
  3 centaur zombies
  2 bullfrog skeletons
  4 hounds
  4 jellies
  4 orc priests
  2 centaur skeletons (D:7)
  5 iguanas
  7 orc wizards
  A killer bee zombie (D:7)
  A hound zombie (D:3)
  A hound skeleton (D:5)
  A howler monkey zombie (D:8)
  2 howler monkey skeletons
  6 adders
  3 gnolls (D:7)
  A shadow imp (D:7)
  An ufetubus (D:6)
  An adder skeleton (D:2)
  A worm (D:2)
  A dart slug (D:2)
  31 orcs
  6 ball pythons
  8 endoplasms
  4 giant cockroaches
  5 goblins
  4 hobgoblins
  2 jackals (D:1)
  10 kobolds
  6 quokkas
  6 bats
  7 frilled lizards
  5 rats
185 creatures vanquished.

Vanquished Creatures (collateral kills)
  A two-headed ogre (D:8)
  A centaur (D:7)
  3 orc wizards
  A killer bee zombie (D:7)
6 creatures vanquished.

Vanquished Creatures (others)
  8 plants (D:7)
8 creatures vanquished.

Grand Total: 199 creatures vanquished

Notes
Turn   | Place    | Note
-------+----------+-------------------------------------------
     0 | D:1      | ytrimaz the Demonspawn Necromancer began the quest for the
                  | Orb.
     0 | D:1      | Reached XP level 1. HP: 13/13 MP: 3/3
   422 | D:1      | Gained mutation: Your touch may inflict minor irresistible
                  | damage on your foes. [demonic ancestry]
   422 | D:1      | Reached XP level 2. HP: 18/19 MP: 3/5
   460 | D:1      | Found a faded altar of an unknown god.
   829 | D:1      | Reached skill level 5 in Necromancy
  1229 | D:1      | Gained mutation: Your touch may inflict irresistible damage
                  | on your foes. [demonic ancestry]
  1229 | D:1      | Reached XP level 3. HP: 20/24 MP: 1/6
  1464 | D:2      | Learned a level 3 spell: Vampiric Draining
  2435 | D:2      | Reached XP level 4. HP: 17/30 MP: 2/8
  2914 | D:3      | Learned a level 3 spell: Stone Arrow
  2977 | D:3      | Found a sacrificial altar of Ru.
  2981 | D:3      | Found a basalt altar of Yredelemnul.
  2981 | D:3      | Found a stormy altar of Qazlal.
  2981 | D:3      | Found a hazy altar of Hepliaklqana.
  2983 | D:3      | Found a hide-covered altar of Uskayaw.
  2984 | D:3      | Found a blossoming altar of Fedhas.
  3180 | D:3      | Noticed a necrophage
  3196 | D:3      | Killed a necrophage
  3197 | D:3      | Reached skill level 3 in Spellcasting
  3197 | D:3      | Gained mutation: A weak demonic guardian rushes to your
                  | aid. [demonic ancestry]
  3197 | D:3      | Reached XP level 5. HP: 24/35 MP: 8/10
  3570 | D:4      | Noticed an ogre
  3581 | D:4      | Killed an ogre
  3582 | D:4      | Gained mutation: Your movements are slightly less
                  | encumbered by armour. (ER -2) [demonic ancestry]
  3582 | D:4      | Reached XP level 6. HP: 30/41 MP: 0/11
  3815 | D:4      | Found a staircase to the Ecumenical Temple.
  3836 | D:4      | Reached skill level 4 in Spellcasting
  3856 | Temple   | Entered the Ecumenical Temple
  4057 | Temple   | Became a worshipper of Kikubaaqudgha
  4696 | D:5      | Entered Level 5 of the Dungeon
  4735 | D:5      | Noticed Pikel
  4779 | D:5      | Killed Pikel
  4780 | D:5      | Reached skill level 5 in Spellcasting
  4780 | D:5      | Gained mutation: Your movements are less encumbered by
                  | armour. (ER -4) [demonic ancestry]
  4780 | D:5      | Reached XP level 7. HP: 3/46 MP: 1/15
  5325 | D:5      | Reached XP level 8. HP: 47/52 MP: 7/16
  5645 | D:5      | Reached skill level 1 in Fighting
  5870 | D:5      | Reached * piety under Kikubaaqudgha
  5870 | D:5      | Received a gift from Kikubaaqudgha
  5871 | D:5      | Reached skill level 6 in Spellcasting
  7409 | D:6      | Reached skill level 1 in Conjurations
  7676 | D:6      | Reached skill level 7 in Spellcasting
  8033 | D:6      | Gained mutation: Your movements are significantly less
                  | encumbered by armour. (ER -6) [demonic ancestry]
  8033 | D:6      | Reached XP level 9. HP: 59/61 MP: 16/20
  8780 | D:7      | Reached ** piety under Kikubaaqudgha
  8815 | D:7      | Reached skill level 5 in Dodging
  8815 | D:7      | Reached skill level 8 in Spellcasting
  9074 | D:7      | Reached skill level 1 in Shields
  9456 | D:7      | Noticed a five-headed hydra
  9971 | D:7      | Reached skill level 9 in Spellcasting
 10418 | D:7      | Noticed a green ugly thing
 10684 | D:7      | Killed a green ugly thing
 10685 | D:7      | Gained mutation: Your demonic aura sometimes causes spilled
                  | blood to erupt in flames. [demonic ancestry]
 10685 | D:7      | Reached XP level 10. HP: 56/70 MP: 5/23
 10846 | D:7      | Learned a level 5 spell: Borgnjor's Vile Clutch
 11134 | D:7      | Reached *** piety under Kikubaaqudgha
 11134 | D:7      | Received a gift from Kikubaaqudgha
 11476 | D:8      | Found a bloodstained altar of Trog.
 11522 | D:8      | Noticed a two-headed ogre
 11533 | D:8      | Killed a two-headed ogre
 11534 | D:8      | Reached skill level 10 in Spellcasting
 11642 | D:8      | Noticed a two-headed ogre
 11671 | D:8      | Killed a two-headed ogre
 11672 | D:8      | Reached skill level 1 in Earth Magic
 12402 | D:8      | Identified the +5 spear "Cits" {holy, rPois rF+ rN+ Int+4}
 12572 | D:8      | Noticed a cyclops
 12572 | D:8      | Noticed a boulder beetle
 12572 | D:8      | Noticed a gargoyle
 12572 | D:8      | Noticed a cyclops
 12775 | D:9      | Slain by a yak

Illustrated notes

Levels and vault maps discovered:
D:1:      moated_graveyard_arrival, layout_basic, ebering_ecumenical_altar_box
D:2:      layout_rooms, chequers_serial_rivers_small_3, grunt_ministairs_15
D:3:      layout_rooms, grunt_temple_overflow_open, minivault_24,
          chequers_serial_rivers_large_a
D:4:      layout_rooms, minmay_temple_entry_antechambers
D:5:      layout_basic, uniq_pikel
D:6:      layout_loops_corners, nrook_uturn
D:7:      nzn_winding_woodlands_small [nzn_winding_woodlands_5x15_garden,
          nzn_winding_woodlands_center_pierced_h,
          nzn_winding_woodlands_5x15_cabin], layout_loops_ring, st_stairs_12
D:8:      minmay_the_grid_square_5x5_3x3 [minmay_the_grid_square_5x5_spiral,
          minmay_the_grid_square_5x5_detours, minmay_the_grid_square_5x5_corner,
          minmay_the_grid_square_5x5_percent,
          minmay_the_grid_square_5x5_megaprize_open,
          minmay_the_grid_square_5x5_seven, minmay_the_grid_square_5x5_comb,
          minmay_the_grid_square_5x5_shuriken, minmay_the_grid_square_5x5_n],
          layout_cave_pools, mainiacjoe_overflow_paths
D:9:      layout_rooms, grunt_temple_overflow_cloverleaf, dpeg_oklobed_lair,
          david_orc_2, patterned_corridor, uniq_maurice
Temple:   compressed_dpeg_circular_temple

Skill      XL: |  1  2  3  4  5  6  7  8  9 10 |
---------------+-------------------------------+-----
Necromancy     | 5 6 7 8 9 |  9.0
Dodging        | 2 3 4 5 6 |  6.0
Spellcasting   | 3 5 7 9 10 | 10.8
Fighting       | 2 3 4 |  4.2
Conjurations   | 1 3 |  3.2
Shields        | 1 |  1.0
Earth Magic    | 2 |  2.2
Stealth        | |  1.7
Unarmed Combat | |  0.7

Action                   |  1- 3 |  4- 6 |  7- 9 | 10-12 || total
-------------------------+-------+-------+-------+-------++-------
Melee: Unarmed           |    34 |     9 |       |       ||    43
       Touch             |     8 |    16 |    46 |     6 ||    76
       Dagger            |       |    31 |   180 |    36 ||   247
       Punch             |       |       |     2 |       ||     2
 Cast: Pain              |    69 |    42 |   110 |     5 ||   226
       Vampiric Draining |     2 |    10 |    52 |    16 ||    80
       Stone Arrow       |       |       |    24 |    46 ||    70
  Use: Scroll            |       |    10 |     3 |     3 ||    16
       Potion            |       |     1 |     1 |     1 ||     3
 Stab: Sleeping          |       |     1 |     1 |       ||     2
Armor: Robe              |    26 |     8 |     3 |       ||    37
       Ring mail         |       |       |   109 |    12 ||   121
Dodge: Dodged            |    43 |    33 |   174 |    30 ||   280
Block: Other             |       |       |    68 |    14 ||    82
       Reflection        |       |       |     4 |       ||     4

Table legend: (Time is in decaauts)
 A = Elapsed time spent in this place.
 B = Non-inter-level travel time spent in this place.
 C = Inter-level travel time spent in this place.
 D = Time resting spent in this place.
 E = Time spent auto-exploring this place.
 F = Levels seen in this place.
 G = Mean time per level.
                   A        B        C        D        E       F      G
               +--------+--------+--------+--------+--------+-----+--------+
         Total |  12786 |  12391 |    395 |   2100 |   8315 |  10 | 1278.6 |
       Dungeon |  12569 |  12188 |    381 |   2100 |   8140 |   9 | 1396.6 |
        Temple |    216 |    202 |     14 |      0 |    175 |   1 |  216.0 |
               +--------+--------+--------+--------+--------+-----+--------+

Top non-repeatable levels by time:
     D:7: 2326 daAuts
     D:5: 2210 daAuts
     D:6: 1829 daAuts
     D:8: 1549 daAuts
     D:2: 1378 daAuts
     D:1: 1371 daAuts
     D:4: 920 daAuts
     D:3: 813 daAuts
  Temple: 216 daAuts
     D:9: 170 daAuts
